 Dungeon Crawl Stone Soup version 0.31-a0-986-g5e6e4ef867 (webtiles) character file.

Game seed: 4973663566486182901

160 bmb222 the Changeling (level 5, 0/37 HPs)
             Began as a Demonspawn Shapeshifter on Nov 22, 2023.
             Killed by divine providence
             ... invoked by an orc priest
              (14 damage)
             ... on level 3 of the Dungeon.
             The game lasted 00:02:06 (2095 turns).

bmb222 the Changeling (Demonspawn Shapeshifter)     Turns: 2095, Time: 00:02:07

Health: 0/37       AC:  6    Str: 17    XL:     5   Next: 17%
Magic:  5/5        EV: 10    Int: 17    God:
Gold:   190        SH:  0    Dex: 12    Spells: 4/4 levels left

rFire   . . .        h - +1 spear (freeze)
rCold   . . .        (no shield)
rNeg    + . .        g - +0 scale mail
rPois   .            (helmet currently unavailable)
rElec   .            (cloak currently unavailable)
rCorr   .            (gloves currently unavailable)
SInv    .            (boots currently unavailable)
Will    .....        (no amulet) Stlth
                     r - +6 ring of intelligence
HPRegen 0.26/turn    o - ring of positive energy
MPRegen 0.09/turn

%: no passive effects
@: lethally poisoned (0 -> -9), beast-form
A: beast (slay +2), demonic guardian 1
a: Begin Untransformation


You were on level 3 of the Dungeon.
You were a hulking beast.
You visited 1 branch of the dungeon, and saw 3 of its levels.

You collected 190 gold pieces.

Inventory:

Hand Weapons
 h - a +1 spear of freezing (weapon)
Armour
 a - a +0 animal skin
 g - a +0 scale mail (worn)
Jewellery
 o - a ring of positive energy (right hand)
 r - a +6 ring of intelligence (left hand)
Talismans
 c - a beast talisman
 d - a flux talisman
Scrolls
 p - 2 scrolls of identify {unknown}
 w - a scroll of enchant weapon {unknown}
 y - a scroll of enchant armour {unknown}
Potions
 b - a potion of lignification
 e - 3 potions of curing {unknown}
 f - a potion of resistance {unknown}
 i - a potion of invisibility {unknown}
 m - a potion of mutation {unknown}
 q - a potion of attraction {unknown}
 s - a potion of magic {unknown}
 t - a potion of haste {unknown}
 v - 2 potions of degeneration {unknown}


   Skills:
 + Level 1.4 Fighting
 * Level 2.1 Armour
 - Level 1.7 Dodging
 * Level 3.4 Unarmed Combat
 * Level 3.9 Shapeshifting


You had 4 spell levels left.
You didn't know any spells.
Your spell library contained the following spells:

 Spells                   Type           Power      Damage    Failure   Level
 Cigotuvi's Dreadful Rot  Necr/Pois/Air  0%         N/A       77%         2
 Call Canine Familiar     Summ           0%         N/A       94%         3
 Sigil of Binding         Hex            0%         N/A       94%         3
 Dimensional Bullseye     Hex/Tloc       0%         N/A       100%        4
 Dispel Undead            Necr           0%         3d6       100%        4
 Leda's Liquefaction      Hex/Erth       0%         N/A       100%        4
 Death Channel            Necr           0%         N/A       100%        6


Dungeon Overview and Level Annotations

Branches:
Dungeon (3/15)

Altars:


Innate Abilities, Weirdness & Mutations

You are a hulking beast.
Your limbs bulge with bestial killing power. (Slay +2)
A weak demonic guardian rushes to your aid.


Message History

An orc comes into view. It is wielding a +1 whip of venom.
The orc shouts!
You hear a shout! x2
An orc is nearby!
An orc is nearby!
You reach to attack!
You closely miss the orc. You hit the orc. You freeze the orc.
The orc is almost dead.
The orc hits you with a +1 whip of venom.
You are poisoned.
You barely miss the orc.
The orc is almost dead.
You feel very sick.
The orc hits you with a +1 whip of venom.
You are more poisoned.
An orc comes into view. It is wielding a +0 club.
You hit the orc. You freeze the orc.
You kill the orc!
You feel very sick.
An orc priest comes into view. It is wielding a +0 falchion.
You feel very sick.
Things that are here:
a +1 whip of venom; a +0 scale mail You are too injured to fight recklessly!
You are too injured to fight recklessly!
You are too injured to fight recklessly!
You are too injured to fight recklessly!
You are too injured to fight recklessly!
You are too injured to fight recklessly!
You are too injured to fight recklessly!
You are too injured to fight recklessly!
You are too injured to fight recklessly!
You are too injured to fight recklessly!
You hit the orc priest. You freeze the orc priest.
The orc priest is lightly wounded.
You feel very sick.
The orc priest hits you with a +0 falchion.
The orc hits you but does no damage.
The orc priest mumbles some strange prayers to Beogh against you.
Beogh smites you!
You die...

...#.........# #.# #
#...##.. #. ###.##.#..#
#.####.##....... #
#.##.#..#
##......##...##..
#.#..####...#####........
#.#................#.....
..#######...##.##....##..
### #).....####..##..
####.#..............
#.oh................
#.##o..##.###...##.. #
#.#.........)....
..#..#...#.#.###.
###.###......# #. .
##.#.#.# #. # #....#.# #.
##.....# #. ####### ##


You could see an orc priest and an orc.

Vanquished Creatures
  A scorpion (D:3)
  Jessica (D:3)
  2 adders
  A worm (D:3)
  2 dart slugs
  An orc (D:3)
  3 endoplasms
  2 giant cockroaches (D:1)
  5 goblins (D:1)
  6 hobgoblins
  5 kobolds
  4 quokkas
  3 ball pythons
  3 bats
  A frilled lizard (D:1)
  3 rats
43 creatures vanquished.

Notes
Turn   | Place    | Note
-------+----------+-------------------------------------------
     0 | D:1      | bmb222 the Demonspawn Shapeshifter began the quest for the
                  | Orb.
     0 | D:1      | Reached XP level 1. HP: 15/15 MP: 1/1
    77 | D:1      | Gained mutation: A weak demonic guardian rushes to your
                  | aid. [demonic ancestry]
    77 | D:1      | Reached XP level 2. HP: 18/21 MP: 2/2
   516 | D:1      | Reached XP level 3. HP: 26/26 MP: 3/3
  1433 | D:3      | Noticed Jessica
  1434 | D:3      | Killed Jessica
  1435 | D:3      | Reached skill level 1 in Armour
  1435 | D:3      | Reached XP level 4. HP: 32/32 MP: 4/4
  1902 | D:3      | Noticed a scorpion
  1910 | D:3      | Killed a scorpion
  1911 | D:3      | Reached XP level 5. HP: 33/37 MP: 5/5
  2095 | D:3      | Killed from afar by an orc priest

Illustrated notes

Levels and vault maps discovered:
D:1:      eino_arrival_water_star, layout_basic, minmay_pentomino_w4
D:2:      layout_loops_ring, chequers_serial_rivers_room_b,
          kennysheep_small_spiral, kennysheep_big_empty_room
D:3:      layout_basic, nicolae_gozag_cash_rules_everything_around_me,
          uniq_grinder, uniq_jessica

Skill      XL: |  1  2  3  4  5 |
---------------+----------------+-----
Shapeshifting  | 3 |  3.9
Unarmed Combat | 3 |  3.4
Armour         | 1 2 |  2.1
Fighting       | |  1.4
Dodging        | |  1.7

Action                     |  1- 3 |  4- 6 || total
---------------------------+-------+-------++-------
  Melee: Spear             |    76 |    29 ||   105
         Punch             |     1 |     1 ||     2
    Use: Scroll            |     3 |     4 ||     7
 Armour: Scale mail        |    35 |    18 ||    53
  Dodge: Dodged            |    24 |     9 ||    33

Table legend: (Time is in decaauts)
 A = Elapsed time spent in this place.
 B = Non-inter-level travel time spent in this place.
 C = Inter-level travel time spent in this place.
 D = Time resting spent in this place.
 E = Time spent auto-exploring this place.
 F = Levels seen in this place.
 G = Mean time per level.
                   A        B        C        D        E       F      G
               +--------+--------+--------+--------+--------+-----+--------+
         Total |   2106 |   2014 |     92 |    400 |   1338 |   3 |  702.0 |
       Dungeon |   2106 |   2014 |     92 |    400 |   1338 |   3 |  702.0 |
               +--------+--------+--------+--------+--------+-----+--------+

Top non-repeatable levels by time:
     D:3: 767 daAuts
     D:1: 670 daAuts
     D:2: 668 daAuts
